General information
- name: BNet
- type: Ladder 1vs1/FFA
- host: Battle.net
- saver: iggy72
map: TwistedMeadows
- players: 2
- length: 24:21
- speed: Fast
- version: 1.26 W3XP
- replay type: Public
» download(67 KB)
Players
team 1 (loser)
bulldogg (
red | 42 APM | 1020 actions | 24:20)
3 Archmage
2 Summon Water Elemental
1 Brilliance Aura
3 Paladin
1 Holy Light
2 Devotion Aura
» actions
| Basic commands | 6 | |
| Build / train | 64 | |
| Enter build submenu | 28 | |
| Enter hero's abilities submenu | 6 | |
| Remove unit from queue | 3 | |
| Right click | 408 | |
| Select / deselect | 450 | |
| Use ability | 54 | |
1020 total
» units
| Peasant | 19 | |
| Spell Breaker | 4 | |
| Priest | 5 | |
| Sorceress | 5 | |
| Gryphon Rider | 4 | |
37 total
» upgrades
| Masonry | 2 | |
| Plating | 2 | |
| Priest Training | 1 | |
| Sorceress Training | 1 | |
| Gunpowder | 0 | |
| Swords | 1 | |
| Magic Sentry | 1 | |
| Armor | 2 | |
| Storm Hammers | 1 | |
11 total
» buildings
| Altar of Kings | 1 | |
| Farm | 13 | |
| Lumber Mill | 1 | |
| Scout Tower | 3 | |
| Guard Tower | 2 | |
| Keep | 1 | |
| Blacksmith | 1 | |
| Arcane Vault | 1 | |
| Arcane Sanctum | 2 | |
| Castle | 1 | |
| Gryphon Aviary | 2 | |
28 total
» build order
01:00 Altar of Kings
01:06 Farm
01:15 Lumber Mill
01:25 Scout Tower
01:47 Scout Tower
02:17 Farm
02:20 Guard Tower
03:00 Farm
05:04 Scout Tower
05:37 Guard Tower
06:22 Keep
07:14 Blacksmith
07:25 Arcane Vault
08:46 Arcane Sanctum
08:51 Arcane Sanctum
10:03 Farm
10:06 Farm
10:50 Farm
10:59 Farm
13:20 Castle
14:35 Farm
14:37 Farm
14:39 Farm
15:23 Farm
15:26 Farm
15:28 Farm
16:40 Gryphon Aviary
16:44 Gryphon Aviary
» items
team 2 (winner)
iggy72 (
orange | 59 APM | 1448 actions | 24:21)
7 Blademaster
3 Wind Walk
3 Critical Strike
1 Bladestorm
» actions
| Assign group hotkey | 38 | |
| Basic commands | 61 | |
| Build / train | 71 | |
| ESC pressed | 2 | |
| Enter build submenu | 41 | |
| Enter hero's abilities submenu | 7 | |
| Give item / drop item | 12 | |
| Right click | 560 | |
| Select / deselect | 189 | |
| Select group hotkey | 353 | |
| Use ability | 114 | |
1448 total
» units
| Peon | 12 | |
| Wind Rider | 6 | |
| Goblin Shredder | 3 | |
| Troll Batrider | 3 | |
| Goblin Zeppelin | 1 | |
| Troll Witch Doctor | 1 | |
26 total
» upgrades
| Ranged Weapons | 3 | |
| Armor | 3 | |
| Envenomed Spears | 1 | |
| Reinforced Defenses | 1 | |
| Liquid Fire | 1 | |
| Ensnare | 1 | |
| Witch Doctor Training | 2 | |
| Spirit Walker Training | 2 | |
| Troll Regeneration | 1 | |
| Spiked Barricades | 2 | |
17 total
» buildings
| Altar of Storms | 1 | |
| Orc Burrow | 5 | |
| Voodoo Lounge | 1 | |
| War Mill | 1 | |
| Stronghold | 1 | |
| Beastiary | 2 | |
| Fortress | 1 | |
| Watch Tower | 24 | |
| Great Hall | 4 | |
| Spirit Lodge | 1 | |
| Barracks | 1 | |
42 total
» build order
00:23 Altar of Storms
00:32 Orc Burrow
00:53 Voodoo Lounge
01:31 War Mill
02:13 Orc Burrow
03:12 Stronghold
03:34 Orc Burrow
05:36 Beastiary
05:38 Beastiary
05:40 Fortress
09:03 Watch Tower
09:09 Great Hall
09:53 Watch Tower
09:54 Watch Tower
09:58 Orc Burrow
10:14 Watch Tower
12:05 Watch Tower
12:46 Orc Burrow
12:49 Watch Tower
12:49 Watch Tower
12:54 Watch Tower
12:54 Watch Tower
13:51 Watch Tower
14:54 Great Hall
14:57 Watch Tower
14:57 Watch Tower
15:00 Watch Tower
15:01 Watch Tower
15:02 Watch Tower
15:03 Watch Tower
16:32 Spirit Lodge
16:40 Barracks
22:56 Great Hall
23:17 Great Hall
23:38 Watch Tower
23:39 Watch Tower
23:40 Watch Tower
23:40 Watch Tower
24:08 Watch Tower
24:09 Watch Tower
24:10 Watch Tower
24:10 Watch Tower
» items
| Lesser Clarity Potion | 5 | |
| Healing Salve | 7 | |
| Boots of Speed | 1 | |
| Staff of Teleportation | 1 | |
| Orb of Lightning | 1 | |
| Periapt of Vitality | 1 | |
| Potion of Lesser Invulnerability | 1 | |
| Potion of Healing | 1 | |
18 total
Chat log
(18:10 / All) iggy72: wow
(18:18 / All) iggy72: i killed your entire army and didnt take any noticeable damage
(18:21 / All) iggy72: how does that make you feel?
(18:27 / All) bulldogg: terrible
(18:34 / All) iggy72: leave/
(18:36 / All) iggy72: lol
(18:45 / All) bulldogg: lick my nutz
(18:48 / All) iggy72: so mad...
(18:54 / All) bulldogg: no
(18:58 / All) iggy72: they always deny
(18:59 / All) bulldogg: not really
(19:04 / All) iggy72: even when theyre obviously mad
(19:11 / All) bulldogg: always a little mad.,
(19:13 / All) iggy72: you could try plug pull
(19:21 / All) iggy72: that DOESNT COUNT AS LEAVING
(19:22 / All) iggy72: rfl
(19:35 / All) iggy72: lol gryphs
(19:53 / All) bulldogg: come on
(19:58 / All) iggy72: i think you should leave
(19:59 / All) bulldogg: and end this u ag
(20:10 / All) iggy72: you probably think that too
(20:12 / All) bulldogg: such a pussy
(20:15 / All) iggy72: but your fragile ego wont allow you to leave
(20:25 / All) iggy72: sweet, youre an internet tough guy also
(20:29 / All) iggy72: this is gonna be a fun, long game
(20:42 / All) iggy72: the best kind
(21:15 / All) iggy72: its funny because you actually care about records even though you suck
(21:39 / All) iggy72: i mean, youve played over 6 HUNDRED games and never learned how to play
(21:43 / All) iggy72: thats funny and sad
(21:46 / All) iggy72: mostly funny
(21:54 / All) bulldogg: :)
(21:58 / All) iggy72: no its sad
(22:09 / All) bulldogg: yeap
(22:11 / All) bulldogg: ur crazy
(22:12 / All) iggy72: seeing you choke down tears by typing a smiley makes it funny again
(22:16 / All) bulldogg: get a lie
(22:27 / All) iggy72: oh look the guy whos logged hundreds of hours playing warcraft 3
(22:31 / All) iggy72: tells me to get a life
(22:34 / All) iggy72: sorry, get a "lie"
(22:38 / All) iggy72: thats ironic
(22:55 / All) bulldogg: ur the one talking...
(22:59 / All) iggy72: and being right
(23:24 / All) iggy72: yawn
(23:28 / All) iggy72: why are you still here
(23:30 / All) iggy72: if youre not mad?
(23:48 / All) iggy72: lol
(23:51 / All) iggy72: not any gold in that base
(24:14 / All) bulldogg: Great Game Man!
(24:16 / All) iggy72: lmfao